 Dungeon Crawl Stone Soup version 0.30.0-5-g1a98f26d00 (webtiles) character file.

Game seed: 16819509308728972224

29 gangalbani the Sneak (level 3, 0/18 HPs)
             Began as a Spriggan Brigand on May 8, 2023.
             Slain by a worm (8 damage)
             ... on level 2 of the Dungeon.
             The game lasted 00:03:34 (1083 turns).

gangalbani the Sneak (Spriggan Brigand)             Turns: 1083, Time: 00:03:34

Health: 0/18       AC:  3    Str:  7    XL:     3   Next: 1%
Magic:  4/4        EV: 16    Int: 12    God:
Gold:   65         SH:  0    Dex: 18    Spells: 2/2 levels left

rFire   . . .        a - +2 dagger
rCold   . . .        (no shield)
rNeg    . . .        b - +0 robe
rPois   .            (helmet restricted)
rElec   .            c - +0 cloak
rCorr   .            (gloves unavailable)
SInv    +            (boots unavailable)
Will    .....        (no amulet)
Stlth   ++++         (no ring)
HPRegen 0.23/turn    (no ring)
MPRegen 0.09/turn

%: no passive effects
@: very quick
A: very small, no large weapons, unfitting armour, see invisible, speed 3
a: no special abilities


You were on level 2 of the Dungeon.
You visited 1 branch of the dungeon, and saw 2 of its levels.

You collected 65 gold pieces.

Inventory:

Hand Weapons
 a - a +2 dagger (weapon)
Missiles
 d - 10 poisoned darts (quivered)
 e - 3 curare-tipped darts
 m - 2 throwing nets
Armour
 b - a +0 robe (worn)
 c - a +0 cloak (worn)
Wands
 l - a wand of charming (3)
Scrolls
 g - a scroll of torment {unknown}
 h - a scroll of magic mapping {unknown}
Potions
 f - a potion of degeneration {unknown}
 i - a potion of attraction {unknown}
 j - a potion of curing {unknown}
 k - a potion of heal wounds {unknown}
 n - a potion of invisibility {unknown}


   Skills:
 - Level 1.5 Fighting
 + Level 3.1 Short Blades
 - Level 2.0 Throwing
 - Level 1.3 Dodging
 + Level 6.7 Stealth


You had 2 spell levels left.
You didn't know any spells.
Your spell library was empty.

Dungeon Overview and Level Annotations

Branches:
Dungeon (2/15)

Altars:

Shops:
D:1 *


Innate Abilities, Weirdness & Mutations

You are very small and have problems with some larger weapons.
You are too small for most types of armour.
You have supernaturally acute eyesight. (SInv)
You cover ground extremely quickly. (Speed+++)


Message History

You have reached level 3!
Your experience leads to an increase in your attributes!
Increase (S)trength, (I)ntelligence, or (D)exterity?
You feel agile. x2
You see here a hobgoblin corpse.
A worm comes into view.
Found a tiny beryl amulet.
The worm moves out of view.
Throw: 13 darts (poison)
Press: ? - help, Q - select action, (/) - cycle Shift-Dir - straight line, f - worm
Aim: a worm (79% to hit)
You throw a poisoned dart. The poisoned dart hits the worm.
The worm is poisoned.
Throw: 12 darts (poison)
Press: ? - help, Q - select action, (/) - cycle Shift-Dir - straight line, f/p - worm
Aim: a worm (lightly wounded, poisoned, 79% to hit)
You throw a poisoned dart. The poisoned dart hits the worm.
The worm looks even sicker.
The worm is lightly wounded.
Throw: 11 darts (poison)
Press: ? - help, Q - select action, (/) - cycle Shift-Dir - straight line, f/p - worm
Aim: a worm (lightly wounded, very poisoned, 79% to hit)
You throw a poisoned dart. The poisoned dart hits the worm.
The worm looks even sicker.
The worm is lightly wounded.
A worm is nearby!
A worm is nearby!
A worm is nearby!
A worm is nearby!
A worm is nearby!
A worm is nearby!
A worm is nearby!
A worm is nearby!
You hit the worm.
The worm is lightly wounded.
The worm bites you!
Ouch! That really hurt!
You hit the worm.
The worm is moderately wounded.
The worm bites you!
You die...

###...#.####
..."......
#.(.=...# #(.....#
#.....# #.(...#
#+# #.# #.# #w#
#.# #@# ##.#######
#.# ##........###
#.# ............#
#.# #......<#.#.#
#†#
#....##.#.#.####.#
###..##..........#
#..####.#.######
#...).....#


You could see a worm (very poisoned).

Vanquished Creatures
  2 ball pythons (D:1)
  2 endoplasms (D:1)
  4 hobgoblins
  4 jackals (D:1)
  2 kobolds
  2 quokkas (D:1)
  4 bats (D:1)
  4 frilled lizards (D:1)
  2 rats (D:1)
26 creatures vanquished.

Notes
Turn   | Place    | Note
-------+----------+-------------------------------------------
     0 | D:1      | gangalbani the Spriggan Brigand began the quest for the
                  | Orb.
     0 | D:1      | Reached XP level 1. HP: 10/10 MP: 2/2
    81 | D:1      | Reached skill level 6 in Stealth
   129 | D:1      | Reached XP level 2. HP: 14/14 MP: 3/3
   709 | D:1      | Found Rohicsat's Assorted Antiques.
  1064 | D:2      | Reached XP level 3. HP: 18/18 MP: 4/4
  1083 | D:2      | Slain by a worm

Illustrated notes

Levels and vault maps discovered:
D:1:      minmay_arrival_stone_box, layout_loops_corners, serial_shops, shop
D:2:      layout_loops_corners

Skill      XL: |  1  2 |
---------------+-------+-----
Stealth        | 6 |  6.7
Short Blades   | 3 |  3.1
Fighting       | |  1.5
Throwing       | |  2.0
Dodging        | |  1.3

Action                     || total
---------------------------++-------
  Melee: Dagger            ||    64
  Throw: Dart              ||     7
   Stab: Sleeping          ||    10
 Armour: Robe              ||     3
  Dodge: Dodged            ||    33
